 Dungeon Crawl Stone Soup version 0.32-a0-85-g672eff3212 (webtiles) character file.

Game seed: 13016004643501084297

2265 senseless the Changeling (level 9, 0/78 HPs)
             Began as a Purple Draconian Shapeshifter on Feb 5, 2024.
             Was a Follower of the Shining One.
             Slain by a gnoll sergeant
             ... wielding a +6 trident of freezing
              (6 damage)
             ... on level 7 of the Dungeon.
             The game lasted 00:15:53 (4931 turns).

senseless the Changeling (DrSh)                     Turns: 4931, Time: 00:15:54

Health: 0/78       AC:  7    Str: 20    XL:     9   Next: 16%
Magic:  18/18      EV: 15    Int:  6    God:    the Shining One [*.....]
Gold:   358        SH:  0    Dex: 17    Spells: 7/8 levels left

rFire   . . .        O - +9 rapier of Floods {protect, rN++ MP+9 Int-5 Stlth+}
rCold   . . .        (no shield)
rNeg    + + .        (body armour unavailable)
rPois   +            (helmet currently unavailable)
rElec   .            (cloak currently unavailable)
rCorr   .            (gloves currently unavailable)
SInv    .            (boots currently unavailable)
Will    +....        z - amulet of reflection
Stlth   +            d - ring of poison resistance
HPRegen 0.33/turn    A - +6 ring of dexterity
MPRegen 0.16/turn

%: reflection
@: confused, beast-form, ambrosia-drunk, glowing
A: beast (slay +3), breathe power, AC +7, unfitting armour, cold-blooded
a: Breathe Dispelling Energy, Begin Untransformation, Renounce Religion, Divine
Shield


You were on level 7 of the Dungeon.
You worshipped the Shining One.
The Shining One was aware of your devotion.
You were a hulking beast.
You visited 2 branches of the dungeon, and saw 8 of its levels.

You collected 358 gold pieces.

Inventory:

Hand Weapons
 u - the +1 hand axe of Dissolution {speed, rF+ rC+ SInv}
   (You found it on level 2 of the Dungeon)

   rF+:       It protects you from fire.
   rC+:       It protects you from cold.
   SInv:      It lets you see invisible.
 H - a +4 flail
 M - a +5 scimitar
 O - the +9 rapier of Floods (weapon) {protect, rN++ MP+9 Int-5 Stlth+}
   (You found it on level 6 of the Dungeon)

   Int-5:     It affects your intelligence (-5).
   rN++:      It greatly protects you from negative energy.
   MP+9:      It affects your magic capacity (+9).
   Stlth+:    It makes you more stealthy.
Missiles
 y - 6 poisoned darts
 J - 2 throwing nets
Armour
 i - a +0 pair of boots
Jewellery
 d - a ring of poison resistance (left hand)
 z - an amulet of reflection (around neck)
 A - a +6 ring of dexterity (right hand)
Talismans
 b - a beast talisman
 c - a flux talisman
Wands
 x - a wand of paralysis (7)
 N - a wand of iceblast (9)
Scrolls
 f - 4 scrolls of identify {unknown}
 g - a scroll of fog {unknown}
 m - 2 scrolls of enchant armour {unknown}
 p - 5 scrolls of teleportation {unknown}
 r - a scroll of noise {unknown}
 s - a scroll of revelation {unknown}
 B - 3 scrolls of acquirement {unknown}
 D - a scroll of silence {unknown}
 E - a scroll of amnesia {unknown}
 G - a scroll of torment {unknown}
 I - a scroll of brand weapon {unknown}
 K - a scroll of fear {unknown}
 P - a scroll of enchant weapon {unknown}
Potions
 a - 2 potions of lignification
 e - a potion of degeneration {unknown}
 h - a potion of curing {unknown}
 j - 2 potions of ambrosia
 k - a potion of might {unknown}
 l - a potion of heal wounds {unknown}
 n - a potion of haste {unknown}
 o - a potion of enlightenment {unknown}
 w - a potion of attraction {unknown}
 C - a potion of berserk rage {unknown}
 F - a potion of magic {unknown}


   Skills:
 + Level 6.5 Fighting
 + Level 5.6 Dodging
 + Level 6.6 Unarmed Combat
 * Level 6.7 Shapeshifting


You had 7 spell levels left.
You knew the following spells:

 Your Spells              Type           Power      Damage    Failure   Level
a - Summon Small Mammal   Summ           0%         N/A       45%         1

Your spell library contained the following spells:

 Spells                   Type           Power      Damage    Failure   Level
 Cigotuvi's Dreadful Rot  Necr/Alch/Air  0%         N/A       58%         2
 Call Canine Familiar     Summ           0%         N/A       83%         3
 Dispel Undead            Necr           0%         3d6       99%         4
 Martyr's Knell           Necr/Summ      0%         N/A       99%         4
 Summon Blazeheart Golem  Fire/Summ      0%         N/A       99%         4
 Vhi's Electric Charge    Tloc/Air       0%         N/A       99%         4
 Arcjolt                  Conj/Air       0%         1d10      100%        5
 Death Channel            Necr           0%         N/A       100%        6
 Maxwell's Capacitive Co  Air            0%         ∞         100%        8


Dungeon Overview and Level Annotations

Branches:
Dungeon (7/15)             Temple (1/1) D:5

Altars:
Ashenzari
Cheibriados
Dithmenos
Fedhas
Gozag
Hepliaklqana
Kikubaaqudgha
Makhleb
Nemelex Xobeh
Okawaru
Qazlal
Ru
Sif Muna
Trog
Uskayaw
Vehumet
Wu Jian
Yredelemnul
Zin
The Shining One

Shops:
D:5 =   D:6 :


Innate Abilities, Weirdness & Mutations

You are a hulking beast.
Your limbs bulge with bestial killing power. (Slay +3)
You can breathe bolts of dispelling energy.
Your rich purple scales are hard. (AC +7)
You cannot fit into any form of body armour.
You are cold-blooded and may be slowed by cold attacks.


Message History

You kill the orc!
The gnoll sergeant hits you from afar with a +6 trident of freezing.
You feel yourself slow down. The gnoll sergeant freezes you.
You are too injured to fight recklessly!
You are too injured to fight recklessly!
You are too injured to fight recklessly!
You are too injured to fight recklessly!
You are too injured to fight recklessly!
You are too injured to fight recklessly!
You are too injured to fight recklessly!
You are too injured to fight recklessly!
You are too injured to fight recklessly!
You are too injured to fight recklessly!
You are too injured to fight recklessly!
You are too injured to fight recklessly!
You are too injured to fight recklessly!
You are too injured to fight recklessly!
You are too injured to fight recklessly!
You are too injured to fight recklessly!
You are too injured to fight recklessly!
Unknown command.
The gnoll sergeant attacks as it pursues you!
The gnoll sergeant hits you from afar with a +6 trident of freezing!
The gnoll sergeant freezes you.
The orc priest mumbles some strange prayers to Beogh against you.
Beogh smites you!
* * * LOW HITPOINT WARNING * * *
You feel yourself speed up. The gnoll closely misses you.
The gnoll sergeant hits you from afar with a +6 trident of freezing.
* * * LOW HITPOINT WARNING * * *
The gnoll sergeant freezes you.
* * * LOW HITPOINT WARNING * * *
The gnoll hits you with a +0 whip.
* * * LOW HITPOINT WARNING * * *
It was a potion of ambrosia.
You are confused.
You feel invigorated. The gnoll barely misses you.
The gnoll sergeant hits you from afar with a +6 trident of freezing.
You die...

# ########## .# #.......##.
..#
#.......##.############...#
#.......##....g.#og...$...?
#.......# #.h.gggoo...>...
#.......# #.##o#o.........
#.......####.#..#####.#gg(.
#.......<....#.## # ...
##############. #. #. #. #.


You could see an orc warrior, a gnoll sergeant, 2 orc priests, an orc wizard, 4
gnolls and an orc.

Vanquished Creatures
  Grinder (D:3)
  Sigmund (D:5)
  A water moccasin (D:6)
  A sky beast (D:6)
  3 black bears
  2 phantoms
  2 bullfrogs (D:6)
  A scorpion (D:6)
  9 wights
  A howler monkey (D:4)
  2 bombardier beetles
  A jelly (D:6)
  2 hounds
  An orc priest (D:6)
  Ijyb (D:3)
  2 iguanas
  Terence (D:2)
  A sleepcap (D:3)
  2 orc wizards (D:6)
  6 gnolls
  4 adders
  A shadow imp (D:5)
  A white imp (D:6)
  2 ufetubi (D:5)
  5 dart slugs
  3 ribbon worms
  10 orcs
  7 endoplasms
  3 giant cockroaches
  7 goblins
  10 hobgoblins
  3 jackals (D:1)
  7 kobolds
  3 quokkas
  6 ball pythons
  A bat (D:1)
  4 frilled lizards
  10 rats
128 creatures vanquished.

Notes
Turn   | Place    | Note
-------+----------+-------------------------------------------
     0 | D:1      | senseless the Draconian Shapeshifter began the quest for
                  | the Orb.
     0 | D:1      | Reached XP level 1. HP: 16/16 MP: 1/1
    51 | D:1      | Reached XP level 2. HP: 23/23 MP: 2/2
   379 | D:1      | Reached XP level 3. HP: 28/29 MP: 3/3
   968 | D:2      | Learned a level 1 spell: Summon Small Mammal
  1235 | D:2      | Reached XP level 4. HP: 9/37 MP: 4/4
  1410 | D:2      | Noticed Terence
  1425 | D:2      | Killed Terence
  1502 | D:2      | Identified the +1 hand axe of Dissolution {speed, rF+ rC+
                  | SInv}
  1690 | D:3      | Reached XP level 5. HP: 44/44 MP: 5/5
  1726 | D:3      | Noticed Ijyb
  1726 | D:3      | Paralysed by Ijyb for 4 turns
  1733 | D:3      | Paralysed by Ijyb for 3 turns
  1748 | D:3      | Killed Ijyb
  1853 | D:3      | Found a faded altar of an unknown god.
  1996 | D:3      | Noticed Grinder
  2006 | D:3      | Killed Grinder
  2007 | D:3      | Reached XP level 6. HP: 52/52 MP: 6/6
  2733 | D:4      | Your scales start taking on a rich purple colour.
  2733 | D:4      | Reached XP level 7. HP: 56/59 MP: 7/7
  3082 | D:4      | Reached skill level 5 in Unarmed Combat
  3291 | D:5      | Entered Level 5 of the Dungeon
  3291 | D:5      | Found a staircase to the Ecumenical Temple.
  3302 | D:5      | Noticed Sigmund
  3310 | D:5      | Killed Sigmund
  3311 | D:5      | Reached skill level 5 in Fighting
  3311 | D:5      | Reached skill level 5 in Shapeshifting
  3323 | D:5      | Reached XP level 8. HP: 56/68 MP: 8/8
  3332 | Temple   | Entered the Ecumenical Temple
  3347 | Temple   | Became a worshipper of the Shining One
  3394 | D:5      | Found a hazy altar of Hepliaklqana.
  3510 | D:5      | Found a glowing silver altar of Zin.
  3510 | D:5      | Found an iron altar of Okawaru.
  3510 | D:5      | Found a hide-covered altar of Uskayaw.
  3547 | D:5      | Found a burning altar of Makhleb.
  3780 | D:5      | Reached skill level 5 in Dodging
  3833 | D:5      | Found Coff's Jewellery Boutique.
  4022 | D:5      | Noticed a moth of wrath
  4025 | D:5      | Found a bloodstained altar of Trog.
  4305 | D:6      | Identified the +9 rapier of Floods {protect, rN++ MP+9
                  | Int-5 Stlth+}
  4384 | D:6      | Reached XP level 9. HP: 78/78 MP: 9/9
  4414 | D:6      | Found Vovi Kio's Vocational Training.
  4414 | D:6      | Reached * piety under the Shining One
  4930 | D:7      | HP: 1/78 [gnoll/+0 whip[a gnoll sergeant] (4)]
  4931 | D:7      | Slain by a gnoll sergeant

Illustrated notes

Levels and vault maps discovered:
D:1:      ncdulo_lavacross, layout_loops_ring
D:2:      layout_basic, uniq_terence
D:3:      layout_basic, basic_ecumenical_altar, uniq_ijyb, uniq_grinder
D:4:      black_bear_nest_2, layout_loops_ring, st_stairs_7
D:5:      layout_cave_pools, tgw_trog, lemuel_crystal_altar,
          nicolae_hepliaklqana_hazy_memory,
          chequers_temple_overflow_statue_of_worship, temple_pool_b,
          serial_shops, nicolae_shop_tiny_real_fake_doors, uniq_sigmund
D:6:      layout_cave_pools, nicolae_shop_vocational
D:7:      layout_loops_cross, lemuel_round_altar,
          mainiacjoe_overflow_small_starburst, supply_closet_lemuel,
          minmay_shop_damaged, kennysheep_opposing_triangles
Temple:   jpeg_temple_clearing

Skill      XL: |  1  2  3  4  5  6  7  8 |
---------------+-------------------------+-----
Dodging        | 2 3 4 5 |  5.6
Fighting       | 2 3 4 5 6 |  6.5
Unarmed Combat | 4 5 6 |  6.6
Shapeshifting  | 4 5 6 |  6.7

Action                     |  1- 3 |  4- 6 |  7- 9 || total
---------------------------+-------+-------+-------++-------
  Melee: Unarmed           |   116 |    15 |       ||   131
         Tailslap          |     8 |    17 |    34 ||    59
         Punch             |     1 |     5 |    11 ||    17
         Hand axe          |       |    98 |   124 ||   222
         Rapier            |       |       |    30 ||    30
   Cast: Summon Small Mamm |     1 |     1 |       ||     2
Ability: Breathe Dispellin |       |       |     9 ||     9
  Evoke: Wand              |       |     1 |     2 ||     3
    Use: Potion            |       |       |     1 ||     1
   Stab: Sleeping          |       |     3 |       ||     3
         Paralysed         |       |     7 |     3 ||    10
 Armour: Skin              |    47 |    39 |    87 ||   173
  Dodge: Dodged            |    51 |    33 |   101 ||   185
  Block: Other             |       |     9 |    28 ||    37
         Reflection        |       |       |     2 ||     2

Table legend: (Time is in decaauts)
 A = Elapsed time spent in this place.
 B = Non-inter-level travel time spent in this place.
 C = Inter-level travel time spent in this place.
 D = Time resting spent in this place.
 E = Time spent auto-exploring this place.
 F = Levels seen in this place.
 G = Mean time per level.
                   A        B        C        D        E       F      G
               +--------+--------+--------+--------+--------+-----+--------+
         Total |   4901 |   4603 |    298 |    137 |   3582 |   8 |  612.6 |
       Dungeon |   4870 |   4600 |    270 |    137 |   3582 |   7 |  695.7 |
        Temple |     30 |      2 |     28 |      0 |      0 |   1 |   30.0 |
               +--------+--------+--------+--------+--------+-----+--------+

Top non-repeatable levels by time:
     D:2: 967 daAuts
     D:4: 899 daAuts
     D:6: 812 daAuts
     D:5: 749 daAuts
     D:3: 739 daAuts
     D:1: 659 daAuts
     D:7: 43 daAuts
  Temple: 30 daAuts
